 Dungeon Crawl Stone Soup version 0.27.0-1-g7a089689b8 (webtiles) character file.

Game seed: 14843173909654307603

90 DildoBatman the Conjurer (level 4, -3/30 HPs)
             Began as a Formicid Conjurer on Aug 7, 2021.
             Slain by a scorpion (7 damage)
             ... on level 3 of the Dungeon.
             The game lasted 00:04:36 (2133 turns).

DildoBatman the Conjurer (Formicid Conjurer)        Turns: 2133, Time: 00:04:37

Health: -3/30      AC:  3    Str: 11    XL:     4   Next: 85%
Magic:  0/7        EV: 12    Int: 18    God:
Gold:   89         SH:  0    Dex: 10    Spells: 4/7 levels left

rFire    . . .     SeeInvis +   a - +4 spear (vorpal)
rCold    . . .     Faith    .   (no shield)
rNeg     . . .     Spirit   .   l - +0 robe
rPois    .         Reflect  .   (helmet unavailable)
rElec    .         Harm     .   (no cloak)
rCorr    .         Rampage  .   j - +0 pair of gloves
Will     .....                  (no boots)
Stlth    ++........             (no amulet)
HPRegen  0.10/turn              (no ring)
MPRegen  0.10/turn              (no ring)

@: lethally poisoned (-3 -> -7)
A: permanent stasis, dig shafts and tunnels, antennae 3, four strong arms
a: Dig, Shaft Self


You were on level 3 of the Dungeon.
You visited 1 branch of the dungeon, and saw 3 of its levels.

You collected 89 gold pieces.

Inventory:

Hand Weapons
 a - a +4 vorpal spear (weapon)
 b - a +1 dagger of protection
Missiles
 d - 3 boomerangs
 e - 102 stones
 m - 6 javelins
Armour
 j - a +0 pair of gloves (worn)
 l - a +0 robe (worn)
Magical Staves
 n - a staff of poison
Wands
 s - a wand of flame (15)
Scrolls
 c - a scroll of fog {unknown}
 f - a scroll of blinking {unknown}
 i - 5 scrolls of identify {unknown}
 k - a scroll of enchant armour {unknown}
 o - a scroll of vulnerability {unknown}
 q - a scroll of noise {unknown}
Potions
 g - a potion of curing {unknown}
 h - a potion of haste {unknown}
 p - a potion of brilliance {unknown}
 r - a potion of flight {unknown}


   Skills:
 - Level 1.7 Dodging
 - Level 2.4 Stealth
 - Level 2.1 Spellcasting
 * Level 5.3 Conjurations


You had 4 spell levels left.
You knew the following spells:

 Your Spells              Type           Power      Damage    Failure   Level
a - Searing Ray           Conj           42%        3d4       3%          2
c - Magic Dart            Conj           84%        1d7       1%          1

Your spell library contained the following spells:

 Spells                   Type           Power      Damage    Failure   Level
 Dazzling Flash           Conj/Hex       22%        N/A       19%         3
 Ensorcelled Hibernation  Hex/Ice        2%         N/A       26%         2
 Sublimation of Blood     Necr           0%         N/A       26%         2
 Wereblood                Tmut           1%         N/A       26%         2
 Spider Form              Tmut/Pois      0%         N/A       47%         3
 Fulminant Prism          Conj/Hex       5%         3d7       52%         4
 Iskenderun's Mystic Bla  Conj/Tloc      11%        2d4       52%         4
 Shadow Creatures         Summ           N/A        N/A       100%        6
 Summon Hydra             Summ           0%         N/A       100%        7


Dungeon Overview and Level Annotations

Branches:
Dungeon (3/15)

Altars:

Annotations:
D:3 1 transporter, Froggeryz's ghost, amateur OpBe


Innate Abilities, Weirdness & Mutations

You cannot be hasted, slowed, berserked, paralysed or teleported.
You can dig through walls and to a lower floor.
You have a pair of large antennae on your head. (SInv)
Your four strong arms can wield two-handed weapons with a shield.


Message History

You now have 89 gold pieces (gained 18).
A scorpion comes into view.
Found a ring mail.
The scorpion stings you.
Casting: Searing Ray (safe; 3% risk of failure)
Confirm with . or Enter, or press ? or * to list all spells.
Aiming: Searing Ray (safe; 3% risk of failure)
Press: ? - help, Shift-Dir - straight line, f - scorpion
Aim: a scorpion (78% to hit)
The searing ray hits the scorpion.
The scorpion is lightly wounded. (Press . to maintain the ray.)
The scorpion stings you.
The searing ray hits the scorpion.
The scorpion is moderately wounded.
The scorpion stings you.
You are poisoned.
The scorpion poisons you!
The searing ray misses the scorpion.
You feel sick. The scorpion stings you.
The searing ray misses the scorpion.
You finish channeling your searing ray.
You feel sick. The scorpion misses you.
Casting: Searing Ray (safe; 3% risk of failure)
Confirm with . or Enter, or press ? or * to list all spells.
Aiming: Searing Ray (safe; 3% risk of failure)
Press: ? - help, Shift-Dir - straight line, f/p - scorpion
Aim: a scorpion (moderately wounded, 78% to hit)
The searing ray hits the scorpion.
The scorpion is heavily wounded. (Press . to maintain the ray.)
You feel sick. The scorpion stings you. x2
You closely miss the scorpion.
The scorpion is heavily wounded.
You feel sick. The scorpion stings you!
You die...

#.#.# #.# #.#.# #.# ##
#.#.# #.# { . #.#.# #.#
# .# #.#.# #.######.# ..
##.#.######......#.#.###
{####.
.>.................(....
.... #..
.###########.#.#.## ..#.
#.† ...# #@# ##.#.###..
#...
.......s................
...
#######.#.#.#####..##..#
### #.#... #..##... #.#
..# ### #.##†.# ..#
############...... #.#
#.......#..#..# # #####
#.[............ # ....
#)......##....#


You could see a scorpion.

Vanquished Creatures
  2 adders (D:2)
  2 worms (D:3)
  4 dart slugs
  3 orcs (D:3)
  6 ball pythons
  4 endoplasms
  4 giant cockroaches
  3 goblins
  4 hobgoblins
  4 jackals (D:2)
  2 quokkas (D:1)
  7 bats
  3 frilled lizards
  A kobold (D:1)
  3 rats
52 creatures vanquished.

Notes
Turn   | Place    | Note
-------+----------+-------------------------------------------
     0 | D:1      | DildoBatman the Formicid Conjurer began the quest for the
                  | Orb.
     0 | D:1      | Reached XP level 1. HP: 13/13 MP: 3/3
   163 | D:1      | Reached XP level 2. HP: 14/19 MP: 0/5
   170 | D:1      | Reached skill level 4 in Conjurations
   243 | D:1      | Learned a level 2 spell: Searing Ray
   478 | D:1      | Reached XP level 3. HP: 24/24 MP: 2/6
  1233 | D:2      | Reached XP level 4. HP: 28/30 MP: 2/7
  1339 | D:2      | Reached skill level 5 in Conjurations
  1866 | D:3      | Noticed Froggeryz's ghost (amateur OpBe)
  1876 | D:3      | Found a transporter.
  2125 | D:3      | Noticed a scorpion
  2133 | D:3      | Slain by a scorpion

Illustrated notes

Levels and vault maps discovered:
D:1:      wander_arrival_desolate, layout_rooms
D:2:      layout_basic, hex_intersection, kennysheep_generic_room_8
D:3:      layout_basic, gammafunk_ghost_stat_death, uniq_sigmund

Skill      XL: |  1  2  3  4 |
---------------+-------------+-----
Conjurations   | 4 5 |  5.3
Dodging        | |  1.7
Stealth        | |  2.4
Spellcasting   | |  2.1

Action                   |  1- 3 |  4- 6 || total
-------------------------+-------+-------++-------
Melee: Unarmed           |    25 |       ||    25
       Dagger            |    14 |     1 ||    15
       Short sword       |     3 |       ||     3
       Spear             |       |    19 ||    19
 Cast: Magic Dart        |    59 |     1 ||    60
       Searing Ray       |     2 |     5 ||     7
 Abil: Dig               |     4 |     6 ||    10
 Stab: Sleeping          |       |     4 ||     4
Armor: Robe              |    26 |     2 ||    28
Dodge: Dodged            |    70 |     9 ||    79
